 Dungeon Crawl Stone Soup version 0.17-a0-1481-gfdcec5c (webtiles) character file.

68 amnekian the Slasher (level 4, -5/35 HPs)
             Began as a Human Chaos Knight on July 4, 2015.
             Slain by a gnoll
             ... wielding a +2 spear of piercing
              (6 damage)
             ... on level 3 of the Dungeon.
             The game lasted 00:06:57 (1506 turns).

amnekian the Slasher (Human Chaos Knight)           Turns: 1506, Time: 00:06:57

Health: -5/35      AC: 10    Str: 12    XL:     4   Next: 41%
Magic:  4/4        EV:  3    Int: 12    God:    Xom [..*...]
Gold:   125        SH:  0    Dex: 14    Spells: 0 memorised, 3 levels left

rFire  . . .     SeeInvis .     a - +0 falchion (chaos)
rCold  . . .     Clarity  .     j - +0 plate armour
rNeg   . . .     SustAt   .     (no shield)
rPois  .         Gourm    .     (no helmet)
rElec  .         Spirit   .     (no cloak)
rCorr  .         Warding  .     (no gloves)
rMut   .         Stasis   .     (no boots)
MR     .....                    (no amulet)
Stlth  ..........               (no ring)
                                d - ring of stealth

@: not resistant to hostile enchantments, extremely unstealthy
A: no striking features
a: Renounce Religion


You were on level 3 of the Dungeon.
You worshipped Xom.
You were a toy of Xom.
You were not hungry.

You visited 1 branch of the dungeon, and saw 3 of its levels.

You collected 125 gold pieces.

Inventory:

Hand weapons
 a - a +0 falchion of chaos (weapon)
 b - a +0 hunting sling
Missiles
 h - 65 stones (quivered)
 l - 4 needles of slowing
Armour
 j - a +0 plate armour (worn)
 k - a +2 leather armour
Jewellery
 d - a ring of stealth (left hand)
 f - a +5 ring of dexterity {unknown}
Magical devices
 n - a wand of fireball (11)
Scrolls
 e - 2 scrolls of noise {unknown}
 m - a scroll of enchant weapon {unknown}
 q - a scroll of recharging {unknown}
Potions
 p - a potion of might {unknown}
Comestibles
 c - a bread ration
 g - a slice of pizza
 i - 2 meat rations
 o - 2 chunks of flesh


   Skills:
 - Level 3.0 Fighting
 + Level 4.9 Long Blades
 - Level 2.0 Armour
 - Level 1.0 Dodging


You had 3 spell levels left.
You didn't know any spells.

Dungeon Overview and Level Annotations

Branches:
Dungeon (3/15)

Altars:
Fedhas
Xom
Yredelemnul


Message History

The gnoll hits you.
* * * LOW HITPOINT WARNING * * *
A gnoll comes into view. It is wielding a spear of piercing.
Your plate armour prevents you from hitting the gnoll.
The gnoll shouts!
The gnoll completely misses you.
You hit the gnoll.
Your skin glows momentarily.
The gnoll is lightly wounded.
The gnoll hits you.
* * * LOW HITPOINT WARNING * * *
You hit the gnoll.
The gnoll is poisoned.
The gnoll is moderately wounded.
The gnoll hits you from afar with a spear of piercing.
* * * LOW HITPOINT WARNING * * *
x2 The gnoll hits you but does no damage.
You slash the gnoll!
The gnoll is almost dead.
You kill the gnoll!
The gnoll hits you from afar with a spear of piercing.
You die...

....####.###
#...........
#.######....
..### # ###
....# #.. ###.#
#.# #.# #g# #.#
#(# #.# #@#
#.############(#
#..............#
################


You could see a gnoll.

Vanquished Creatures
  2 gnolls (D:3)
  A worm (D:1)
  2 giant geckos
  An orc (D:3)
  2 ball pythons
  3 bats
  4 hobgoblins
  4 jackals (D:1)
  8 kobolds
  6 giant cockroaches
  A giant newt (D:2)
  2 goblins (D:2)
  4 rats
40 creatures vanquished.

Notes
Turn   | Place    | Note
--------------------------------------------------------------
     0 | D:1      | amnekian the Human Chaos Knight began the quest for the Orb.
     0 | D:1      | Reached XP level 1. HP: 18/18 MP: 1/1
    17 | D:1      | XOM: harmless Tloc miscast
    59 | D:1      | XOM: harmless Conj miscast
   127 | D:1      | Reached XP level 2. HP: 21/24 MP: 2/2
   214 | D:1      | XOM: silly message
   301 | D:1      | XOM: potion effect (curing)
   519 | D:2      | Reached skill level 4 in Long Blades
   519 | D:2      | Reached XP level 3. HP: 27/29 MP: 3/3
  1081 | D:2      | XOM: divination: magic mapping
  1121 | D:2      | Found a faded altar to an unknown god.
  1382 | D:3      | Found a basalt altar of Yredelemnul.
  1382 | D:3      | Found a shimmering altar of Xom.
  1383 | D:3      | Found a blossoming altar of Fedhas.
  1418 | D:3      | Reached XP level 4. HP: 35/35 MP: 4/4
  1505 | D:3      | HP: 1/35 [gnoll/spear of piercing (1)]
  1506 | D:3      | Slain by a gnoll

Vault maps used:
D:1:      tarquinn_simple_flora_water_f, minmay_misc_feat_four_crosses,
          serial_bayou_ford_a
D:2:      ecumenical_altar_1, dk_noncrumbling_3, fountainhead
D:3:      gammafunk_temple_overflow_forgotten, tgw_trog

Action                   |  1- 3 |  4- 6 || total
-------------------------+-------+-------++-------
Melee: Falchion          |   121 |    22 ||   143
Throw: Stone             |     6 |       ||     6
  Use: Potion            |     1 |       ||     1
 Stab: Paralysed         |     1 |       ||     1
       Petrifying        |     1 |       ||     1
  Eat: Chunk             |     2 |       ||     2
